 Dungeon Crawl Stone Soup version 0.20.0-8-g6b59dc7 (webtiles) character file.

83 miragecloak the Changer (level 4, 0/28 HPs)
             Began as an Octopode Transmuter on June 2, 2017.
             Succumbed to an adder's poison
             ... on level 2 of the Dungeon.
             The game lasted 00:01:20 (2180 turns).

miragecloak the Changer (Octopode Transmuter)       Turns: 2180, Time: 00:01:20

Health: 0/28       AC:  1    Str:  9    XL:     4   Next: 44%
Magic:  3/7        EV: 13    Int: 15    God:
Gold:   68         SH:  0    Dex: 15    Spells: 3/7 levels left

rFire    . . .     SeeInvis .     - Unarmed
rCold    . . .     Gourm    .   (no shield)
rNeg     . . .     Faith    .   (helmet restricted)
rPois    .         Spirit   .   (no amulet)
rElec    .         Reflect  .   (no ring)
rCorr    .         Harm     .   (no ring)
MR       .....                  (no ring)
Stlth    ++........             (no ring)
Regen    0.1/turn               (no ring)
MPRegen  0.1/turn               (no ring)
                                (no ring)
                                (no ring)

@: lethally poisoned (0 -> -7)
A: almost no armour, stealthy swim, amphibious, 8 rings, constrict 8, fangs 1,
camouflage 1, agile 1, gelatinous body 1, MP-powered wands
a: no special abilities


You were on level 2 of the Dungeon.
You were hungry.

You visited 1 branch of the dungeon, and saw 2 of its levels.

You collected 68 gold pieces.

Inventory:

Missiles
 a - 12 arrows
Jewellery
 e - a cursed ring of loudness {unknown}
Wands
 m - a wand of random effects (38/48)
Scrolls
 d - a scroll of magic mapping {unknown}
 f - a scroll of immolation {unknown}
 g - 2 scrolls of fog {unknown}
 h - a scroll of identify {unknown}
 i - a scroll of amnesia {unknown}
 k - 4 scrolls of teleportation {unknown}
 l - 2 scrolls of remove curse {unknown}
Books
 b - a book of Changes

   Spells                             Type                      Level
   a - Beastly Appendage              Transmutation                1
   b - Sticks to Snakes               Transmutation                2
   c - Spider Form                    Transmutation/Poison         3
   d - Ice Form                       Ice/Transmutation            4
   e - Blade Hands                    Transmutation                5
Comestibles
 c - 4 bread rations
 j - a meat ration
 o - a chunk of flesh


   Skills:
 - Level 1.0 Fighting
 - Level 2.0 Dodging
 - Level 3.0 Unarmed Combat
 - Level 2.0 Spellcasting
 + Level 3.9 Transmutations
 * Level 2.4 Poison Magic


You had 3 spell levels left.
You knew the following spells:

 Your Spells              Type           Power        Failure   Level  Hunger
a - Beastly Appendage     Tmut           ##....       4%          1    #......
b - Spider Form           Tmut/Pois      ##........   19%         3    ###....


Dungeon Overview and Level Annotations

Branches:
Dungeon (2/15)

Altars:


Innate Abilities, Weirdness & Mutations

You cannot wear most types of armour.
You are very stealthy in the water. (Stealth+)
You are amphibious.
You can wear up to eight rings at the same time.
You can use your tentacles to constrict eight enemies at once.
Your skin changes colour to match your surroundings (Stealth+).
Your rubbery body absorbs attacks. (AC +1, EV +1)
You have very sharp teeth.
You are agile. (Dex +2)
You expend magic power (3 MP) to strengthen your wands.


Message History

You feel sick.
A goblin comes into view.
There is a lethal amount of poison in your body!
* * * LOW HITPOINT WARNING * * *
You feel sick.
There is a stone staircase leading down here.
* * * LOW HITPOINT WARNING * * *
You feel sick.
* * * LOW HITPOINT WARNING * * *
You feel sick. The goblin completely misses you.
You hit the goblin.
You kill the goblin!
* * * LOW HITPOINT WARNING * * *
You feel sick.
* * * LOW HITPOINT WARNING * * *
You feel sick.
* * * LOW HITPOINT WARNING * * *
You feel sick.
Your transformation has ended.
You die...

#.# #.#.##.# #.# ### #.#
#.#.##.# #.# #####<##### #.#
#.#.##.####.# .......(..#
#.###.#.##.#..#.#
..........#####.#........#..#.#
..........#.......#.#.[..#..#.#
#####.#####.###.###.#....#..#.#
#####.#####.###.............#.#
............>...@.#.#.......#.#
#####.....#..####.#.#########.#
#.....#.....#.#...........#
#.....#...#.#.#...#########
#.#####...........#
#####.#..<#..######...#
.......^..#..##.......#
#####.#.#.#..##.###..## ..#
#.#.#....##.# #..#


There were no monsters in sight!

Vanquished Creatures
  3 adders (D:2)
  An ooze (D:2)
  A worm (D:2)
  3 dart slugs
  2 leopard geckos
  A ball python (D:1)
  6 bats
  A giant cockroach (D:2)
  2 goblins
  10 hobgoblins
  3 frilled lizards
  2 kobolds (D:2)
  5 rats
40 creatures vanquished.

Notes
Turn   | Place    | Note
-------+----------+-------------------------------------------
     0 | D:1      | miragecloak the Octopode Transmuter began the quest for the Orb.
     0 | D:1      | Reached XP level 1. HP: 13/13 MP: 3/3
   333 | D:1      | Reached XP level 2. HP: 4/18 MP: 3/5
   940 | D:1      | You fall through a shaft!
  1319 | D:1      | Reached XP level 3. HP: 23/23 MP: 4/6
  1327 | D:1      | Learned a level 3 spell: Spider Form
  1590 | D:2      | Reached skill level 1 in Poison Magic
  1846 | D:2      | Reached XP level 4. HP: 26/28 MP: 3/7
  2167 | D:2      | Gained mutation: You expend magic power (3 MP) to strengthen your wands. [potion of mutation]
  2167 | D:2      | Gained mutation: You are agile. (Dex +2) [potion of mutation]
  2167 | D:2      | Gained mutation: You have very sharp teeth. [potion of mutation]
  2179 | D:2      | HP: 1/28 [poisoned by an adder]
  2180 | D:2      | Succumbed to an adder's poison

Skill      XL: |  1  2  3  4 |
---------------+-------------+-----
Transmutations | 3 |  3.9
Poison Magic   | 1 2 |  2.4
Fighting       | |  1.0
Dodging        | |  2.0
Unarmed Combat | |  3.0
Spellcasting   | |  2.0

Action                   |  1- 3 |  4- 6 || total
-------------------------+-------+-------++-------
Melee: Unarmed           |    73 |    17 ||    90
       Constrict         |    23 |     1 ||    24
       Tentacles         |    13 |       ||    13
       Kick              |     8 |       ||     8
       Punch             |     1 |       ||     1
 Cast: Beastly Appendage |    20 |       ||    20
       Spider Form       |     3 |     6 ||     9
  Use: Potion            |       |     1 ||     1
 Stab: Sleeping          |     6 |       ||     6
  Eat: Chunk             |     3 |     2 ||     5
Armor: Skin              |    12 |     2 ||    14
Dodge: Dodged            |    39 |    15 ||    54
